 Dungeon Crawl Stone Soup version 0.29.1-13-g9f3cf754e1 (webtiles) character file.

Game seed: 736343568877150451

931 cowcol the Chopper (level 7, -12/61 HPs)
             Began as a Minotaur Monk on Jan 20, 2023.
             Mangled by a wyvern (15 damage)
             ... on level 5 of the Dungeon.
             The game lasted 00:14:24 (8066 turns).

cowcol the Chopper (Minotaur Monk)                  Turns: 8066, Time: 00:14:25

Health: -12/61     AC: 10    Str: 18      XL:     7   Next: 86%
Magic:  6/6        EV:  8    Int:  5 (7)  God:
Gold:   1033       SH:  0    Dex: 11 (12) Spells: 6/6 levels left

rFire   . . .      SeeInvis .   w - +4 war axe
rCold   . . .      Faith    .   (no shield)
rNeg    . . .      Spirit   .   j - +0 chain mail
rPois   +          Reflect  .   (helmet restricted)
rElec   .          Harm     .   (no cloak)
rCorr   .          Rampage  .   (no gloves)
Will    .....                   (no boots)
Stlth   ..........              (no amulet)
HPRegen 0.20/turn               i - ring of poison resistance
MPRegen 0.10/turn               (no ring)

@: no status effects
A: horns 2, retaliatory headbutt
a: no special abilities


You were on level 5 of the Dungeon.
You visited 1 branch of the dungeon, and saw 5 of its levels.

You collected 1305 gold pieces.
You spent 272 gold pieces at shops.

Inventory:

Hand Weapons
 a - a +1 hand axe
 h - a +2 dagger of speed
 l - the +4 flail of the Key {vorpal, rF+}
   (You bought it in a shop on level 1 of the Dungeon)

   It inflicts extra damage upon your enemies.
   rF:        It protects you from fire.
 n - a +0 hammer
 q - a +0 flail of protection
 w - a +4 war axe (weapon)
Missiles
 c - 6 poisoned darts
 e - 58 stones (quivered)
Armour
 b - a +0 robe
 j - a +0 chain mail (worn)
 o - a +0 plate armour
 p - a +0 ring mail
 r - a +0 scale mail
 s - a +0 pair of boots
Jewellery
 i - a ring of poison resistance (left hand)
 m - a +6 ring of intelligence
Scrolls
 d - a scroll of teleportation
 k - 2 scrolls of fog
 t - a scroll of poison
 v - a scroll of immolation
Potions
 f - a potion of brilliance
 g - 2 potions of resistance


   Skills:
 + Level 5.2 Fighting
 * Level 1.8 Short Blades
 * Level 6.4(6.8) Axes
 + Level 3.0(5.1) Maces & Flails
 + Level 0.5 Throwing
 * Level 5.9 Armour
 + Level 4.4 Dodging
 + Level 2.2 Stealth


You had 6 spell levels left.
You didn't know any spells.
Your spell library contained the following spells:

 Spells                   Type           Power      Damage    Failure   Level
 Scorch                   Fire           0%         2d5       100%        2
 Flame Wave               Conj/Fire      0%         2d4       100%        4
 Fireball                 Conj/Fire      0%         3d3       100%        5
 Starburst                Conj/Fire      0%         6d3       100%        6
 Summon Cactus Giant      Summ           0%         N/A       100%        6
 Ignition                 Fire           0%         3d3       100%        8


Dungeon Overview and Level Annotations

Branches:
Dungeon (5/15)
 Temple: D:4-7

Altars:
Ru
Xom

Shops:
D:1 (

Annotations:
D:3 1 runed translucent door, Soil's ghost, amateur KoFi


Innate Abilities, Weirdness & Mutations

You have a pair of horns on your head.
You reflexively headbutt those who attack you in melee.


Message History

You climb downwards.
Found a leather armour.
There is a stone staircase leading up here.
An iguana comes into view.
The iguana hisses angrily.
You hit the iguana. You headbutt the iguana!
The iguana is severely wounded.
The iguana bites you.
You slash the iguana!
You kill the iguana!
You see here an iguana corpse.
HP restored.
You now have 1033 gold pieces (gained 12).
You pick up a book of Fire and begin reading...
You add the spells Fireball, Starburst and Ignition to your library.
Found a leather armour.
Found a pair of boots.
You see here a +0 leather armour.
Found 13 gold pieces.
A wyvern comes into view.
The wyvern hisses angrily.
You see here a +0 pair of boots.
s - a +0 pair of boots The wyvern bites you! x2
You slash the wyvern!
The wyvern is heavily wounded.
The wyvern bites you. The wyvern bites you!
* * * LOW HITPOINT WARNING * * *
You hit the wyvern but do no damage.
The wyvern is heavily wounded.
The wyvern bites you!
* * * LOW HITPOINT WARNING * * *
The wyvern bites you but does no damage.
You slash the wyvern!
The wyvern is severely wounded.
The wyvern barely misses you.
You hit the wyvern. You punch the wyvern, but do no damage.
The wyvern is almost dead.
The wyvern bites you!
You die...

. .. #######
...########.....#
...........# #.#
##.##.l.....###[#
...$...@....[.#.######.
..###.......#.#<.......
#.......#.#........
#.....#.#.#.########
#####.#.#.#.........
....#.#.########
##.###.#.# #.# #.#†#
#.#.#


You could see a wyvern.

Vanquished Creatures
  Grinder (D:4)
  Sigmund (D:2)
  A gnoll bouda (D:3)
  A hound (D:3)
  7 orc priests
  Crazy Yiuf (D:2)
  Terence (D:2)
  2 iguanas
  2 orc wizards (D:2)
  5 adders
  2 gnolls
  A shadow imp (D:3)
  11 orcs
  7 ball pythons
  5 bats
  3 endoplasms (D:3)
  4 giant cockroaches
  3 goblins
  6 hobgoblins
  5 kobolds
  5 quokkas
  4 frilled lizards
  6 rats
84 creatures vanquished.

Vanquished Creatures (others)
  2 withered plants (D:3)
2 creatures vanquished.

Grand Total: 86 creatures vanquished

Notes
Turn   | Place    | Note
-------+----------+-------------------------------------------
     0 | D:1      | cowcol the Minotaur Monk began the quest for the Orb.
     0 | D:1      | Reached XP level 1. HP: 19/19 MP: 0/0
   337 | D:1      | Reached XP level 2. HP: 22/27 MP: 1/1
   645 | D:1      | Reached skill level 4 in Axes
   809 | D:1      | Found Lisy's Antique Weapon Shoppe.
   865 | D:1      | Found a faded altar of an unknown god.
  1244 | D:2      | Reached XP level 3. HP: 34/34 MP: 2/2
  1250 | D:2      | Noticed Terence
  1264 | D:2      | Killed Terence
  1265 | D:2      | Reached skill level 1 in Armour
  1545 | D:2      | Reached XP level 4. HP: 41/41 MP: 3/3
  1578 | D:2      | Noticed Sigmund
  1599 | D:2      | Killed Sigmund
  1600 | D:2      | Reached skill level 5 in Fighting
  1600 | D:2      | Reached skill level 5 in Axes
  1600 | D:2      | Reached skill level 1 in Maces & Flails
  1600 | D:2      | Reached XP level 5. HP: 14/48 MP: 4/4
  1956 | D:2      | Identified a scroll of acquirement
  1958 | D:2      | Acquired 1074 gold pieces
  2076 | D:1      | Bought a bloodstained flail for 272 gold pieces
  2076 | D:1      | Identified the +4 flail of the Key {vorpal, rF+} (You
                  | bought it in a shop on level 1 of the Dungeon)
  2168 | D:2      | Reached XP level 6. HP: 15/56 MP: 5/5
  3127 | D:2      | Found a runed translucent door.
  3128 | D:2      | Noticed Crazy Yiuf
  3133 | D:2      | Killed Crazy Yiuf
  3625 | D:3      | Found a sacrificial altar of Ru.
  4051 | D:3      | Found a runed translucent door.
  4053 | D:3      | Noticed Soil's ghost (amateur KoFi)
  4102 | D:3      | Reached skill level 1 in Short Blades
  4401 | D:3      | Reached XP level 7. HP: 33/61 MP: 6/6
  6327 | D:4      | Noticed Grinder
  6342 | D:4      | Paralysed by Grinder for 3 turns
  6361 | D:4      | Killed Grinder
  6362 | D:4      | Reached skill level 5 in Armour
  6912 | D:4      | Reached skill level 6 in Axes
  7759 | D:4      | Found a shimmering altar of Xom.
  7948 | D:5      | Entered Level 5 of the Dungeon
  8059 | D:5      | Noticed a wyvern
  8064 | D:5      | HP: 2/61 [wyvern (15)]
  8066 | D:5      | Mangled by a wyvern

Illustrated notes

Levels and vault maps discovered:
D:1:      heliophobic_arrival_battle_scene, layout_basic, serial_shops,
          shop_statue, basic_ecumenical_altar, roderic_roman_lattice,
          serial_park_tiny_1
D:2:      layout_basic, grunt_ministairs_7, uniq_terence,
          uniq_crazy_yiuf_cottage, uniq_sigmund
D:3:      layout_loops_corners, mainiacjoe_overflow_six_doors_small,
          gammafunk_ghost_grave, grunt_ministairs_2
D:4:      layout_loops_corners, mainiacjoe_overflow_chevrons, uniq_grinder
D:5:      layout_basic, lemuel_tele_altar, uniq_menkaure

Skill      XL: |  1  2  3  4  5  6  7 |
---------------+----------------------+-----
Fighting       | 4 5 |  5.2
Axes           | 4 5 6 |  6.4
Armour         | 1 2 4 5 |  5.9
Maces & Flails | 1 2 3 |  3.0
Dodging        | 4 |  4.4
Short Blades   | 1 |  1.8
Stealth        | 2 |  2.2
Throwing       | |  0.5

Action                   |  1- 3 |  4- 6 |  7- 9 || total
-------------------------+-------+-------+-------++-------
Melee: Hand axe          |    52 |       |       ||    52
       Headbutt          |    10 |    17 |    18 ||    45
       Punch             |     1 |       |     2 ||     3
       Flail             |     8 |    82 |       ||    90
       War axe           |       |    22 |    59 ||    81
Throw: Stone             |     8 |     1 |       ||     9
  Use: Scroll            |     1 |     8 |     6 ||    15
       Potion            |       |     5 |     3 ||     8
 Stab: Sleeping          |     1 |       |       ||     1
Armor: Robe              |     3 |       |       ||     3
       Ring mail         |     5 |       |       ||     5
       Scale mail        |     6 |    27 |       ||    33
       Chain mail        |       |    31 |    24 ||    55
Dodge: Dodged            |    44 |    36 |    22 ||   102
